 Dungeon Crawl Stone Soup version 0.26-a0-1101-g8f9f7f7418 (webtiles) character file.

Game seed: 11092770717671861190

79 Dracia the Chiller (level 4, -1/30 HPs)
             Began as a Merfolk Ice Elementalist on Dec 15, 2020.
             Slain by Natasha (4 damage)
             ... on level 2 of the Dungeon.
             The game lasted 00:03:24 (1740 turns).

Dracia the Chiller (Merfolk Ice Elementalist)       Turns: 1740, Time: 00:03:24

Health: -1/30      AC:  4    Str:  9    XL:     4   Next: 37%
Magic:  4/7        EV: 12    Int: 14    God:
Gold:   105        SH:  0    Dex: 14    Spells: 3/7 levels left

rFire    + . .     SeeInvis .   d - +0 spear
rCold    . . .     Faith    .   (no shield)
rNeg     . . .     Spirit   .   e - +1 leather armour {rF+}
rPois    .         Reflect  .   (no helmet)
rElec    .         Harm     .   (no cloak)
rCorr    .         Rampage  .   (no gloves)
Will     .....                  (no boots)
Stlth    ++........             (no amulet)
HPRegen  0.10/turn              (no ring)
MPRegen  0.10/turn              (no ring)

@: slowed, invisible, very slow
A: change form in water, swift swim, stealthy swim
a: no special abilities


You were on level 2 of the Dungeon.
You visited 1 branch of the dungeon, and saw 2 of its levels.

You collected 105 gold pieces.


   Skills:
 + Level 3.1 Polearms
 - Level 2.6 Dodging
 - Level 2.1 Stealth
 - Level 2.0 Spellcasting
 + Level 5.7 Ice Magic


You had 3 spell levels left.
You knew the following spells:

 Your Spells              Type           Power        Failure   Level
r - Frozen Ramparts       Ice            ###...       10%         3
z - Freeze                Ice            ###.         3%          1

Your spell library contained the following spells:

 Spells                   Type           Power        Failure   Level
 Ozocubu's Armour         Ice            ###.....     10%         3
 Hailstorm                Conj/Ice       #.......     71%         4
 Summon Ice Beast         Ice/Summ       #.......     71%         4

Inventory:

Hand Weapons
 c - a +0 dagger
 d - a +0 spear (weapon)
Missiles
 j - 15 poisoned darts (quivered)
Armour
 a - a +0 robe
 e - a +1 leather armour of fire resistance (worn)
Jewellery
 t - an uncursed ring of teleportation
Scrolls
 b - 3 scrolls of identify {@r1@r1}
 i - a scroll of magic mapping {unknown}
Potions
 f - a potion of heal wounds {unknown}
 g - a potion of magic {unknown}

Dungeon Overview and Level Annotations

Branches:
Dungeon (2/15)

Altars:

Annotations:
D:2 Natasha

.. #.
#.##. ....
...## ...#
#..# #5.##
#h@.#
.....5.#.#
((.....#.#
#####.##.#
#. #.# #.
#.# # #.#
#.# #.#


You could see Natasha, a white imp (summoned) and a shadow imp (summoned).


Message History

You freeze Natasha.
Natasha is severely wounded.
Natasha howls an incantation.
You feel disoriented. Natasha casts a spell at you.
You feel yourself slow down.
The white imp hits you but does no damage.
You hit Natasha but do no damage.
Natasha is severely wounded.
Natasha looks more healthy.
Natasha mumbles some strange words.
Natasha glows brightly for a moment.
Natasha claws you but does no damage. The white imp misses you.
You hit Natasha but do no damage.
Natasha is severely wounded.
Natasha stares at you and mumbles some strange words.
You resist with some effort. The white imp hits you. The white imp freezes you.
* * * LOW HITPOINT WARNING * * *
Natasha misses you.
You hit Natasha but do no damage.
Natasha is severely wounded.
The white imp completely misses you.
Natasha mumbles some strange words.
The white imp gestures at you. The puff of frost hits you!
* * * LOW HITPOINT WARNING * * *
Unknown command.
It was a potion of invisibility.
You fade into invisibility!
Natasha claws you.
You die...

Skill      XL: |  1  2  3 |
---------------+----------+-----
Ice Magic      | 5 |  5.7
Polearms       | 1 3 |  3.1
Dodging        | |  2.6
Stealth        | |  2.1
Spellcasting   | |  2.0

Action                   |  1- 3 |  4- 6 || total
-------------------------+-------+-------++-------
Melee: Unarmed           |     5 |       ||     5
       Dagger            |     3 |       ||     3
       Spear             |    61 |     5 ||    66
Throw: Dart              |     4 |     5 ||     9
 Cast: Freeze            |    40 |     3 ||    43
       Frozen Ramparts   |     1 |       ||     1
  Use: Scroll            |     4 |       ||     4
       Potion            |       |     1 ||     1
 Stab: Sleeping          |     4 |       ||     4
Armor: Leather armour    |    15 |     3 ||    18
       Robe              |     1 |       ||     1
Dodge: Dodged            |    50 |     3 ||    53

Levels and vault maps discovered:
D:1:      dpeg_arrival_prison, layout_loops_ring
D:2:      layout_loops_ring, columned_hall_lemuel, uniq_terence, uniq_natasha

Notes
Turn   | Place    | Note
-------+----------+-------------------------------------------
     0 | D:1      | Dracia the Merfolk Ice Elementalist began the quest for the
                  | Orb.
     0 | D:1      | Reached XP level 1. HP: 13/13 MP: 3/3
   256 | D:1      | Reached XP level 2. HP: 19/19 MP: 0/5
   443 | D:1      | Reached skill level 5 in Ice Magic
   784 | D:1      | Reached skill level 1 in Polearms
   858 | D:1      | Reached XP level 3. HP: 24/24 MP: 6/6
  1377 | D:1      | Learned a level 3 spell: Frozen Ramparts
  1403 | D:2      | Reached skill level 2 in Polearms
  1633 | D:2      | Noticed Terence
  1644 | D:2      | Killed Terence
  1645 | D:2      | Reached skill level 3 in Polearms
  1645 | D:2      | Reached XP level 4. HP: 30/30 MP: 2/7
  1726 | D:2      | Noticed Natasha
  1739 | D:2      | HP: 3/30 [white imp/puff of frost[Natasha] (9)]
  1740 | D:2      | Slain by Natasha

Vanquished Creatures
  Terence (D:2)
  An adder (D:2)
  3 dart slugs
  3 leopard geckos (D:1)
  2 ball pythons (D:1)
  2 giant cockroaches
  4 goblins
  4 hobgoblins
  2 jackals (D:1)
  4 bats (D:1)
  5 frilled lizards
  A kobold (D:2)
  5 rats
37 creatures vanquished.

Table legend: (Time is in decaauts)
 A = Elapsed time spent in this place.
 B = Non-inter-level travel time spent in this place.
 C = Inter-level travel time spent in this place.
 D = Time resting spent in this place.
 E = Time spent auto-exploring this place.
 F = Levels seen in this place.
 G = Mean time per level.
                   A        B        C        D        E       F      G
               +--------+--------+--------+--------+--------+-----+--------+
         Total |   1739 |   1698 |     41 |    111 |   1299 |   2 |  869.5 |
       Dungeon |   1739 |   1698 |     41 |    111 |   1299 |   2 |  869.5 |
               +--------+--------+--------+--------+--------+-----+--------+

Top non-repeatable levels by time:
     D:1: 1388 daAuts
     D:2: 350 daAuts

Table legend:
 A = Non-vault XP
 B = Vault XP
 C = Vault XP percentage of total XP
 D = Non-vault monster count
 E = Vault monster count
 F = Vault count percentage of total count
                 A         B        C        D         E       F
            +---------+---------+-------+---------+---------+-------
      Total |      74 |      39 |  34.5 |      34 |       3 |   8.1
            +---------+---------+-------+---------+---------+-------
        D:1 |      46 |       3 |   6.1 |      24 |       2 |   7.7
        D:2 |      28 |      36 |  56.2 |      10 |       1 |   9.1
            +---------+---------+-------+---------+---------+-------
